 Dungeon Crawl Stone Soup version 0.28.0-53-g5a82cb258f (webtiles) character file.

Game seed: 14261779972465129577

283231 CryoSword the Gelid (level 19, -16/165 HPs)
             Began as a White Draconian Conjurer on May 20, 2022.
             Was a High Priest of Sif Muna.
             Killed from afar by an ironbound thunderhulk (43 damage)
             ... with a bolt of lightning
             ... on level 3 of the Vaults on May 22, 2022.
             The game lasted 03:04:49 (73727 turns).

CryoSword the Gelid (White Draconian Conjurer)     Turns: 73727, Time: 03:04:50

Health: -16/165    AC: 21    Str: 11    XL:     19   Next: 75%
Magic:  29/42      EV: 14    Int: 24    God:    Sif Muna [*****.]
Gold:   1351       SH: 14    Dex: 11    Spells: 1/38 levels left

rFire   . . .      SeeInvis .   w - +8 autumn katana {vorpal, manifold assault}
rCold   + . .      Faith    .   S - +2 kite shield {AC+3}
rNeg    + + .      Spirit   .   (armour unavailable)
rPois   +          Reflect  .   o - +0 hat of Amelioration {rN+ Dex+3}
rElec   .          Harm     .   Q - +2 cloak
rCorr   +          Rampage  .   e - +1 pair of gloves "Niohif" {rPois Will+ rCorr Dex-3}
Will    +++++      Clarity  +   c - +2 pair of boots
Stlth   +.........              G - amulet of the Four Winds {rN+ Will+++ Clar}
HPRegen 0.37/turn               R - ring of magical power {=R}
MPRegen 0.28/turn               E - ring of wizardry

@: unable to drink, glowing, silenced
A: breathe frost, AC +10, unfitting armour, cold resistance 1, cold-blooded
}: 2/15 runes: decaying, serpentine
a: Breathe Frost, Renounce Religion


You were on level 3 of the Vaults.
You worshipped Sif Muna.
Sif Muna was extremely pleased with you.
You visited 8 branches of the dungeon, and saw 36 of its levels.
You visited 1 bazaar.
You also visited: Sewer and Ice Cave.

You collected 3596 gold pieces.
You spent 2245 gold pieces at shops.

Inventory:

Hand Weapons
 w - the +8 autumn katana (weapon) {vorpal, manifold assault}
   (You found it on level 13 of the Dungeon)

   It sometimes launches melee attacks against multiple visible enemies.
Missiles
 m - 12 curare-tipped darts
 B - 2 throwing nets (quivered)
 C - 2 silver boomerangs
 H - 2 boomerangs
Armour
 c - a +2 pair of boots (worn)
   (You found it on level 1 of the Dungeon)
 e - the +1 pair of gloves "Niohif" (worn) {rPois Will+ rCorr Dex-3}
   (You acquired it in an ice cave)

   Dex:       It affects your dexterity (-3).
   rPois:     It protects you from poison.
   rCorr:     It protects you from acid and corrosion.
   Will:      It increases your willpower.
 o - the +0 hat of Amelioration (worn) {rN+ Dex+3}
   (You acquired it in an ice cave)

   Dex:       It affects your dexterity (+3).
   rN:        It protects you from negative energy.
 J - a +1 tower shield of cold resistance
   (You found it in an ice cave)
 Q - a +2 cloak (worn)
   (You found it on level 4 of the Lair of Beasts)
 S - a +2 kite shield of protection (worn)
   (You took it off a naga warrior on level 2 of the Snake Pit)
Magical Staves
 a - a staff of conjuration
   (You found it on level 6 of the Lair of Beasts)
Jewellery
 k - a ring of see invisible
   (You found it on level 13 of the Dungeon)
 E - a ring of wizardry (right hand)
   (You found it on level 1 of the Swamp)
 G - the amulet of the Four Winds (around neck) {rN+ Will+++ Clar}
   (You took it off a gnoll sergeant on level 8 of the Dungeon)

   [amulet of nothing]

   rN:        It protects you from negative energy.
   Clar:      It protects you against confusion.
   Will:      It greatly increases your willpower.
 I - the ring "Ifel" {Fly rF- Will+ rCorr Int+8 Stlth-}
   (You found it on level 5 of the Dungeon)

   [ring of willpower]

   Int:       It affects your intelligence (+8).
   rF:        It makes you vulnerable to fire.
   Fly:       It grants you flight.
   rCorr:     It protects you from acid and corrosion.
   Will:      It increases your willpower.
   Stlth:     It makes you less stealthy.
 K - the ring of Onnakick {Ice Stlth+}
   (You found it on level 6 of the Lair of Beasts)

   [ring of ice]

   It enhances your ice magic.
   rF:        It makes you vulnerable to fire.
   rC:        It protects you from cold.
   Stlth:     It makes you more stealthy.
 L - a ring of fire
   (You found it on level 4 of the Dungeon)
 R - a ring of magical power (left hand) {=R}
   (You found it on level 2 of the Lair of Beasts)
 T - a ring of protection from fire
   (You found it on level 4 of the Snake Pit)
Wands
 y - a wand of acid (12)
   (You took it off a kobold brigand on level 8 of the Dungeon)
 M - a wand of iceblast (5)
   (You found it on level 11 of the Dungeon)
 O - a wand of digging (12)
   (You found it on level 1 of the Lair of Beasts)
Scrolls
 d - 18 scrolls of teleportation {@r4}
 f - 5 scrolls of magic mapping
 j - 5 scrolls of blinking
 q - 5 scrolls of amnesia
 r - 2 scrolls of enchant armour
 s - a scroll of summoning
 x - 6 scrolls of holy word
 A - 6 scrolls of fog
 P - 5 scrolls of fear
Potions
 b - 12 potions of curing {@q1}
 g - 5 potions of resistance
 h - 7 potions of brilliance
 i - 2 potions of cancellation
 l - 10 potions of lignification {!q}
 n - 4 potions of might
 p - 2 potions of invisibility
 u - 8 potions of heal wounds {@q2}
 v - 4 potions of berserk rage
 D - 15 potions of mutation {!q}
 F - 3 potions of ambrosia
 N - 5 potions of haste {@q3}
 V - 2 potions of magic
Miscellaneous
 z - a condenser vane
   (You found it in an ice cave)
 X - a box of beasts (inert)
   (You found it in an ice cave)


   Skills:
 + Level 13.6 Fighting
 - Level 12.0 Long Blades
 - Level 2.5(3.0) Maces & Flails
 - Level 5.1(5.3) Polearms
 - Level 2.1(4.3) Staves
 - Level 10.0 Dodging
 - Level 5.5 Stealth
 * Level 13.2 Shields
 - Level 10.0 Spellcasting
 + Level 15.2 Conjurations
 - Level 1.9 Summonings
 - Level 6.0 Translocations
 - Level 6.0 Transmutations
 * Level 16.6 Ice Magic
 - Level 5.0 Air Magic
 + Level 13.4 Invocations
 - Level 2.0 Evocations


You had one spell level left.
You knew the following spells:

 Your Spells              Type           Power      Damage    Failure   Level
a - Orb of Destruction    Conj           35%        9d10      7%          7
b - Ozocubu's Refrigerat  Ice            37%        4d12      3%          7
c - Ozocubu's Armour      Ice            75%        N/A       1%          3
d - Hailstorm             Conj/Ice       73%        3d15      1%          4
e - Irradiate             Conj/Tmut      29%        3d23      1%          5
f - Freezing Cloud        Conj/Ice/Air   31%        6-21      1%          5
z - Iskenderun's Mystic   Conj/Tloc      58%        2d12      1%          4
B - Blink                 Tloc           80%        N/A       1%          2

Your spell library contained the following spells:

 Spells                   Type           Power      Damage    Failure   Level
 Freeze                   Ice            100%       1d11      0%          1
 Magic Dart               Conj           100%       1d8       0%          1
 Apportation              Tloc           80%        N/A       1%          1
 Beastly Appendage        Tmut           80%        N/A       1%          1
 Foxfire                  Conj/Fire      100%       2x1d9     1%          1
 Pain                     Necr           48%        1d6       4%          1
 Sandblast                Erth           24%        2d8       4%          1
 Ensorcelled Hibernation  Hex/Ice        100%       N/A       1%          2
 Passwall                 Tmut/Erth      21%        N/A       1%          2
 Searing Ray              Conj           100%       2d8       1%          2
 Static Discharge         Conj/Air       57%        N/A       1%          2
 Conjure Flame            Conj/Fire      48%        6-21      1%          3
 Dazzling Flash           Conj/Hex       96%        N/A       1%          3
 Frozen Ramparts          Ice            100%       1d12      1%          3
 Mephitic Cloud           Conj/Pois/Air  44%        N/A       1%          3
 Stone Arrow              Conj/Erth      96%        3d13      1%          3
 Swiftness                Air            36%        N/A       1%          3
 Flame Wave               Conj/Fire      48%        2d10      1%          4
 Fulminant Prism          Conj/Hex       24%        3d13      1%          4
 Ice Form                 Ice/Tmut       60%        N/A       1%          4
 Sticky Flame             Conj/Fire      48%        2d7       1%          4
 Summon Ice Beast         Ice/Summ       54%        N/A       1%          4
 Iskenderun's Battlesphe  Conj           71%        2d12      1%          5
 Lightning Bolt           Conj/Air       28%        1d45      1%          5
 Corpse Rot               Necr/Air       48%        N/A       2%          2
 Spider Form              Tmut/Pois      26%        N/A       3%          3
 Metabolic Englaciation   Hex/Ice        25%        N/A       3%          5
 Fireball                 Conj/Fire      24%        3d11      4%          5
 Airstrike                Air            18%        N/A       5%          4
 Scorch                   Fire           24%        2d6       6%          2
 Sublimation of Blood     Necr           12%        N/A       6%          2
 Call Canine Familiar     Summ           21%        N/A       6%          3
 Summon Lightning Spire   Summ/Air       28%        N/A       10%         4
 Blade Hands              Tmut           20%        N/A       10%         5
 Manifold Assault         Tloc           40%        N/A       10%         5
 Conjure Ball Lightning   Conj/Air       28%        3x3d8     10%         6
 Confusing Touch          Hex            12%        N/A       12%         3
 Petrify                  Tmut/Erth      26%        N/A       12%         4
 Simulacrum               Ice/Necr       25%        N/A       21%         6
 Iron Shot                Conj/Erth      24%        9d5       26%         6
 Starburst                Conj/Fire      24%        6d8       26%         6
 Alistair's Intoxication  Tmut/Pois      17%        N/A       32%         5
 Anguish                  Hex/Necr       6%         N/A       36%         4
 Summon Mana Viper        Hex/Summ       16%        N/A       56%         5
 Spellforged Servitor     Conj/Summ      26%        N/A       67%         7
 Excruciating Wounds      Necr           6%         N/A       69%         5
 Eringya's Noxious Bog    Tmut/Pois      13%        N/A       85%         6
 Summon Cactus Giant      Summ           10%        N/A       93%         6
 Storm Form               Tmut/Air       19%        N/A       96%         7
 Polar Vortex             Ice            37%        N/A       98%         9
 Haunt                    Necr/Summ      8%         N/A       100%        7
 Monstrous Menagerie      Summ           10%        N/A       100%        7
 Borgnjor's Revivificati  Necr           6%         N/A       100%        8
 Discord                  Hex            6%         N/A       100%        8
 Disjunction              Tloc           20%        N/A       100%        8
 Lehudib's Crystal Spear  Conj/Erth      24%        10d7      100%        8
 Maxwell's Capacitive Co  Air            18%        ∞         100%        8
 Chain Lightning          Conj/Air       28%        3d38      100%        9
 Fire Storm               Conj/Fire      24%        8d6       100%        9
 Shatter                  Erth           6%         3d9*      100%        9
 Animate Armour           Summ/Erth      Unusable   N/A       N/A         4

Dungeon Overview and Level Annotations

Branches:
Dungeon (15/15)            Temple (1/1) D:6            Lair (6/6) D:9
  Swamp (4/4) Lair:3        Snake (4/4) Lair:4        Slime (0/5) Lair:6
    Orc (2/2) D:9             Elf (0/3) Orc:2        Vaults (3/5) D:13
  Crypt (0/3) Vaults:2     Depths (1/4) D:15          Sewer (visited)
  IceCv (visited)

Altars:
Ashenzari
Cheibriados
Dithmenos
Elyvilon
Fedhas
Gozag
Hepliaklqana
Kikubaaqudgha
Makhleb
Nemelex Xobeh
Okawaru
Qazlal
Ru
Sif Muna
Trog
Uskayaw
Vehumet
Wu Jian
Xom
Zin
Beogh
Jiyva

Shops:
D:3 :   D:4 ?   D:7 [(   D:13 *   D:14 :   Orc:2 (([(*?   Snake:1 ([(:?
Snake:2 =:=   Snake:4 (!   Vaults:2 *   Vaults:3 =

Annotations:
Swamp:1 3 runed translucent doors, lawnmower's ghost, adept DrBe
Vaults:3 Mennas


Innate Abilities, Weirdness & Mutations

You can breathe waves of freezing cold which knock back foes.
Your icy white scales are hard. (AC +10)
You cannot fit into any form of body armour.
Your flesh is cold resistant. (rC+)
You are cold-blooded and may be slowed by cold attacks.


Message History

A lindwurm is nearby!
Mennas and a lindwurm come into view.
Mennas is wielding a +1 trishula of holy wrath.
The lindwurm roars! x2
The lindwurm breathes flames at you. The blast of flame misses you.
The heat is drained from your surroundings.
You feel very cold.
The lindwurms are frozen.
An ironbound convoker comes into view. It is wielding a +0 dire flail.
The lindwurm breathes flames at you. The blast of flame misses you.
The heat is drained from your surroundings.
You feel very cold.
The lindwurms are frozen.
You kill the lindwurm!
Sif Muna accepts your kill. The lindwurm breathes flames at you.
The blast of flame misses you.
The heat is drained from your surroundings.
You feel very cold.
The lindwurm is frozen.
You kill the lindwurm!
Sif Muna accepts your kill.
There is an open door here.
You start resting.
You can drink potions again.
You start resting.
There is an open door here.
A yaktaur comes into view.
The heat is drained from your surroundings.
You feel very cold.
The yaktaur and the ironbound convoker are frozen.
The yaktaur shouts!
The ironbound convoker shouts!
The yaktaur wields a +0 arbalest.
The yaktaur shoots a bolt.
The bolt hits you.
The ironbound convoker gestures at the yaktaur while chanting.
The yaktaur seems to grow stronger.
The yaktaur unwields a +0 arbalest.
You block the yaktaur's attack.
You slash the yaktaur! You slice the yaktaur!!
You kill the yaktaur!
Sif Muna accepts your kill.
The ironbound convoker hits you with a +0 dire flail!
The heat is drained from your surroundings.
You feel very cold.
The ironbound convoker is frozen.
The ironbound convoker hits you with a +0 dire flail!
You slash the ironbound convoker!
The ironbound convoker begins to recite a word of recall!
You erupt in a fountain of uncontrolled magic!
The ironbound convoker is blasted with magical radiation!!!
You kill the ironbound convoker!
Sif Muna accepts your kill.
You are very lightly contaminated with residual magic.
You can drink potions again.
Your magical contamination has completely faded away.
An ironbound frostheart comes into view.
Things that are here:
a +0 dire flail; a +0 ring mail; a human corpse An ironbound frostheart is nearby!
An ironbound frostheart is nearby!
An ironbound frostheart is nearby!
The ironbound frostheart shouts!
The heat is drained from your surroundings.
You feel very cold.
The ironbound frostheart is frozen.
The ironbound frostheart resists.
You erupt in a fountain of uncontrolled magic!
The ironbound frostheart is blasted with magical radiation!!
The ironbound frostheart twists and deforms.
You are very lightly contaminated with residual magic.
You slash the ironbound frostheart!
The ironbound frostheart touches you but does no damage.
You closely miss the ironbound frostheart.
Your tail-slap misses the ironbound frostheart.
The ironbound frostheart barely misses you.
You slice the ironbound frostheart!! You tail-slap the ironbound frostheart.
You kill the ironbound frostheart!
Sif Muna accepts your kill.
No target in view!
You can drink potions again.
Your magical contamination has completely faded away.
Things that are here:
a +0 scale mail; a human corpse
Things that are here:
a +0 arbalest; 22 bolts
There is an entrance to Loepy's Jewellery Boutique here.
b - 12 potions of curing {@q1} (gained 1)
Found a scroll of identify.
A green ugly thing comes into view.
A green ugly thing is nearby!
A white ugly thing comes into view.
A wizard and an ironbound thunderhulk come into view.
The white ugly thing gurgles horribly!
There is an open door here.
The white ugly thing basks in the mutagenic energy from its kin and changes!
The heat is drained from your surroundings.
You feel very cold. The monsters around you are frozen!
The wizard shouts!
The green ugly thing gurgles horribly!
Mennas gestures frantically.
You resist with almost no effort.
The heat is drained from your surroundings.
You feel very cold. The monsters around you are frozen!
You kill the wizard!
Sif Muna accepts your kill.
You kill the green ugly thing!
Sif Muna accepts your kill.
Mennas gestures frantically.
Mennas's surroundings become eerily quiet.
Mennas gestures at you.
There is an open door here.
Strange energies crackle from the ironbound thunderhulk's apparatus.
The ironbound thunderhulk blinks!
Mennas gestures at you.
Electricity crackles from the ironbound thunderhulk's apparatus.
The bolt of lightning hits you!!!
Mennas becomes audible again.
The heat is drained from your surroundings.
You feel very cold.
Mennas, the green ugly thing and the ironbound thunderhulk are frozen.
You kill the green ugly thing!
Sif Muna accepts your kill.
Strange energies crackle from the ironbound thunderhulk's apparatus.
The ironbound thunderhulk blinks!
Mennas gestures frantically.
Mennas's surroundings become eerily quiet.
Mennas shakes his head sadly.
Mennas hits you from afar with a +1 trishula of holy wrath!
Mennas hits you from afar with a +1 trishula of holy wrath.
Mennas hits you from afar with a +1 trishula of holy wrath!
* * * LOW HITPOINT WARNING * * *
You block Mennas's attack.
Mennas hits you from afar with a +1 trishula of holy wrath.
* * * LOW HITPOINT WARNING * * *
Mennas hits you from afar with a +1 trishula of holy wrath.
* * * LOW HITPOINT WARNING * * *
Here: Mennas, wielding a +1 trishula of holy wrath and wearing a +0 tower shield (silenced, moderately wounded, radiating silence, haloed)
The floor, spattered with blood.
You cannot drink potions in your current state!
Mennas hits you from afar with a +1 trishula of holy wrath.
* * * LOW HITPOINT WARNING * * *
You block Mennas's attack. Mennas completely misses you.
Mennas hits you from afar with a +1 trishula of holy wrath!
* * * LOW HITPOINT WARNING * * *
Mennas shakes his head sadly.
Mennas hits you from afar with a +1 trishula of holy wrath!!
* * * LOW HITPOINT WARNING * * *
You block Mennas's attack.
Magic scrolls do not work when you're silenced!
You open the lid... ...and a larval batox beast flies out!
The box is emptied!
You block Mennas's attack. x2
Electricity crackles from the ironbound thunderhulk's apparatus.
The bolt of lightning hits you!!!
You die...

......
.............#
.....
.....O.....#.# ....
.............# ...
.........#.∩.# ..
.............# .
...........#.# ###
######.AH....# ..#
#.......# # ..#
#.@÷....# ..# (.#
#.......# ..' ..#
#.......########..#
..#
#..÷.....)........#
..#
#........)..[.....#
###
#.................#
#.................#
#.................#
#.................#


You could see Mennas (silencing, ally target), an ironbound thunderhulk
(unsilenced) and a friendly larval batox beast (summoned).

Vanquished Creatures
  Mara (Swamp:4)
  Bai Suzhen (Swamp:3)
  A tentacled monstrosity (Swamp:3)
  Asterion (Vaults:3)
  Jorgrun (Swamp:1)
  2 sphinxes
  Gastronok (D:8)
  A thorn hunter (Swamp:4)
  Donald (Swamp:2)
  11 nagarajas (Snake:4)
  Aizul (Swamp:1)
  Louise (Swamp:1)
  3 vault wardens
  6 very ugly things
  6 ironbound preservers
  2 entropy weavers
  6 bunyips
  7 eleionomae
  4 dire elephants (Vaults:1)
  2 crystal guardians (Vaults:3)
  Josephine (D:14)
  A shambling mangrove (Swamp:1)
  A fire dragon (Lair:6)
  2 vault guards (Vaults:3)
  4 yaktaur captains
  The ghost of Exodus22XD the Cleaver, a journeyman MiFi of Jiyva (D:9)
  11 naga warriors
  Erolcha (Orc:1)
  2 great orbs of eyes
  26 hydras
  A peacekeeper (Vaults:3)
  3 salamander tyrants (Snake:4)
  2 ogre magi (Orc:2)
  2 ice dragons (D:15)
  5 boulder beetles
  11 centaur warriors
  3 catoblepae
  10 anacondas
  Erica (D:11)
  5 ghost crabs
  A death knight (D:14)
  18 death yaks
  2 tengu warriors
  3 ironbound frosthearts
  13 alligators
  15 two-headed ogres
  Urug (Orc:1)
  6 shock serpents
  16 naga sharpshooters
  2 spriggan berserkers (Swamp:4)
  5 goliath frogs
  12 spriggans
  Sonja (Lair:5)
  6 salamander mystics
  10 deep trolls
  6 spriggan druids
  7 bog bodies
  9 ironbound convokers
  A phantasmal warrior (D:14)
  8 naga ritualists
  13 swamp dragons
  An orc knight (D:15)
  12 lindwurms
  10 mana vipers
  3 oklob plants
  4 wizards
  A deep elf pyromancer (D:12)
  2 will-o-the-wisps
  16 salamanders
  18 ugly things
  A wolf spider (Lair:1)
  7 cyclopes
  3 manticores
  2 orc sorcerers
  41 black mambas
  20 elephants
  Maurice (Orc:1)
  An ice statue (IceCv)
  17 naga magi
  2 molten gargoyles (Lair:6)
  A guardian serpent (Snake:4)
  8 vault sentinels
  The ghost of Tali the Chopper, a novice DsBe of Trog (D:5)
  A rime drake (Lair:6)
  10 cane toads
  2 gargoyles
  18 komodo dragons
  Psyche (D:11)
  A freezing wraith (D:13)
  A kobold demonologist (D:11)
  23 yaktaurs
  3 tengu conjurers
  An efreet (D:13)
  2 bloated husks (Swamp:4)
  11 trolls
  A polar bear (Lair:6)
  A wolf spider simulacrum (D:15)
  13 tyrant leeches
  11 hornets
  19 blink frogs
  22 slime creatures
  A jumping spider (shapeshifter) (D:14)
  4 shadows
  A culicivora (Vaults:2)
  2 dire elephant simulacra (IceCv)
  9 wraiths
  7 wyverns
  29 yaks
  2 redbacks (Vaults:2)
  5 basilisks
  18 vampire mosquitoes
  5 steam dragons
  2 death yak simulacra (IceCv)
  A warg (Orc:1)
  11 swamp worms
  A harpy simulacrum (IceCv)
  48 nagas
  Duvessa (D:7)
  3 acid dragons
  4 hell hounds (Lair:6)
  15 water moccasins
  19 orc warriors
  2 sky beasts
  2 black bears
  9 swamp drakes
  A necrophage (D:4)
  21 ogres
  35 wolves
  6 centaurs
  3 kobold brigands (D:8)
  11 bullfrogs
  A gnoll sergeant (D:8)
  A cane toad simulacrum (IceCv)
  7 two-headed ogre simulacra (IceCv)
  2 scorpions
  Dowan (D:7)
  6 killer bees
  5 elephant simulacra (IceCv)
  An electric eel (D:7)
  4 wights
  8 howler monkeys
  5 lava snakes (Lair:6)
  5 centaur zombies
  A hound (D:6)
  5 jellies
  4 centaur skeletons
  11 orc priests
  A bullfrog skeleton (D:6)
  Ijyb (D:5)
  2 iguanas
  21 orc wizards
  5 hell rats (Lair:3)
  A scorpion zombie (D:5)
  7 spriggan simulacra (IceCv)
  2 killer bee zombies
  3 troll simulacra (IceCv)
  3 wolf simulacra (IceCv)
  A hound skeleton (D:4)
  3 howler monkey zombies
  A howler monkey skeleton (D:5)
  4 gnolls (D:2)
  11 adders
  5 naga simulacra (IceCv)
  5 river rats (Sewer)
  A shadow imp (D:5)
  18 white imps
  8 ufetubi (IceCv)
  A worm (D:4)
  3 dart slugs
  48 orcs
  4 endoplasms
  3 giant cockroaches
  5 goblins
  6 hobgoblins
  2 jackals (D:1)
  A quokka (D:1)
  3 training dummies (Snake:1)
  12 ball pythons
  2 bats (D:1)
  17 frilled lizards
  16 kobolds
  6 rats
  3 bushes (Lair:5)
1200 creatures vanquished.

Vanquished Creatures (others)
  A wizard (D:6)
  3 bloated husks
  11 foxfires
  24 fungi
  60 plants
99 creatures vanquished.

Grand Total: 1299 creatures vanquished

Notes
Turn   | Place    | Note
-------+----------+-------------------------------------------
     0 | D:1      | CryoSword the Draconian Conjurer began the quest for the
                  | Orb.
     0 | D:1      | Reached XP level 1. HP: 14/14 MP: 3/3
   259 | D:1      | Reached XP level 2. HP: 20/20 MP: 0/5
  1556 | D:2      | Reached skill level 5 in Conjurations
  1559 | D:2      | Reached XP level 3. HP: 26/26 MP: 2/6
  1562 | D:2      | Learned a level 2 spell: Searing Ray
  1565 | D:2      | Learned a level 2 spell: Static Discharge
  1700 | D:2      | Found a burning altar of Makhleb.
  2183 | D:2      | Reached XP level 4. HP: 25/34 MP: 1/7
  2269 | D:2      | Reached skill level 1 in Fighting
  2586 | D:3      | Found an opulent altar of Gozag.
  2889 | D:3      | Found Diqarph's Book Shop.
  3268 | D:3      | Found a faded altar of an unknown god.
  3441 | D:3      | Reached XP level 5. HP: 38/40 MP: 3/8
  3672 | D:4      | Found a glowing drain.
  3758 | Sewer    | Entered a sewer
  4278 | Sewer    | Reached XP level 6. HP: 48/48 MP: 4/10
  4591 | D:4      | Learned a level 4 spell: Iskenderun's Mystic Blast
  4846 | D:4      | Found a blossoming altar of Fedhas.
  4853 | D:4      | Found a radiant altar of Vehumet.
  4857 | D:4      | Found a burning altar of Makhleb.
  4917 | D:4      | Found a broken altar of Ashenzari.
  5021 | D:4      | Noticed an orc warrior
  5242 | D:4      | Found Yfoo's Magic Scroll Boutique.
  5247 | D:4      | Bought a scroll of identify for 28 gold pieces
  5247 | D:4      | Bought 3 scrolls of magic mapping for 147 gold pieces
  5586 | D:4      | Reached skill level 1 in Translocations
  5914 | D:3      | HP: 2/50 [orc warrior/+0 hand axe (16)]
  5915 | D:3      | Killed an orc warrior
  5916 | D:3      | Your scales start taking on an icy white colour.
  5916 | D:3      | Reached XP level 7. HP: 3/56 MP: 11/11
  5916 | D:3      | Gained mutation: Your flesh is cold resistant. (rC+) [White
                  | Draconian growth]
  6415 | D:5      | Entered Level 5 of the Dungeon
  6477 | D:5      | Found a shadowy altar of Dithmenos.
  6546 | D:5      | Noticed Ijyb
  6551 | D:5      | Killed Ijyb
  6829 | D:5      | Noticed Tali's ghost (novice DsBe)
  6830 | D:5      | Found a runed translucent door.
  7263 | D:5      | Identified the ring "Ifel" {Fly rF- Will+ rCorr Int+8
                  | Stlth-}
  7628 | D:6      | Found a bloodstained altar of Trog.
  7629 | D:6      | Noticed a wizard
  7635 | D:6      | Killed a wizard
  7926 | D:6      | Reached XP level 8. HP: 55/63 MP: 6/13
  8299 | D:6      | Found a staircase to the Ecumenical Temple.
  8423 | D:6      | Reached skill level 1 in Maces & Flails
  8737 | D:6      | Found a hazy altar of Hepliaklqana.
  8757 | D:6      | Identified the +11 halberd of Abeat {vorpal, rF- Dex+7}
  9364 | D:7      | Found Coeceg's Antique Armour Emporium.
  9406 | D:7      | Noticed Dowan
  9417 | Temple   | Entered the Ecumenical Temple
  9448 | Temple   | Became a worshipper of Sif Muna the Loreminder
  9593 | D:7      | Found Acwu's Antique Weapon Shop.
  9709 | D:7      | You are sucked into a shaft and drop 1 floor!
  9743 | D:8      | Reached XP level 9. HP: 56/71 MP: 1/15
  9898 | D:8      | Noticed a two-headed ogre
 10661 | D:7      | Found a glowing silver altar of Zin.
 10661 | D:7      | Noticed an angel
 10666 | D:7      | Noticed Duvessa
 10674 | D:7      | Killed Duvessa
 10677 | D:7      | Killed Dowan
 10937 | D:7      | Reached skill level 5 in Translocations
 11506 | D:8      | Reached skill level 1 in Shields
 11800 | D:8      | Noticed Gastronok
 11859 | D:8      | Killed Gastronok
 11860 | D:8      | Reached skill level 5 in Fighting
 11860 | D:8      | Reached skill level 5 in Stealth
 11860 | D:8      | Reached skill level 5 in Spellcasting
 11860 | D:8      | Reached XP level 10. HP: 42/81 MP: 1/17
 12828 | D:8      | Reached skill level 5 in Dodging
 13484 | D:4      | Bought a scroll of amnesia for 49 gold pieces
 13484 | D:4      | Bought a scroll of vulnerability for 105 gold pieces
 13484 | D:4      | Bought a scroll of identify for 28 gold pieces
 13484 | D:4      | Bought a scroll of identify for 28 gold pieces
 13830 | D:8      | Noticed a two-headed ogre
 13838 | D:8      | Killed a two-headed ogre
 13908 | D:8      | Reached * piety under Sif Muna
 14223 | D:8      | Reached skill level 1 in Invocations
 14317 | D:8      | Noticed a manticore
 14525 | D:8      | Killed a manticore
 14884 | D:8      | Got the Collected Works on Conjuration
 15262 | D:4      | Bought a scroll of identify for 28 gold pieces
 15262 | D:4      | Bought a scroll of identify for 28 gold pieces
 15560 | D:8      | Killed a two-headed ogre
 15561 | D:8      | Reached skill level 5 in Shields
 15697 | D:9      | Reached XP level 11. HP: 81/89 MP: 11/19
 16071 | D:9      | Identified the +9 dagger of Somewhere Else {antimagic,
                  | rElec rPois Int-3 Dex-4}
 16136 | D:9      | Found a sacrificial altar of Ru.
 16148 | D:9      | Found a staircase to the Orcish Mines.
 16358 | D:9      | Found a runed translucent gate.
 16359 | D:9      | Found a runed translucent gate.
 16360 | D:9      | Found a runed translucent gate.
 16362 | D:9      | Noticed Exodus22XD's ghost (journeyman MiFi)
 16468 | D:9      | Reached skill level 10 in Conjurations
 17005 | D:9      | Found a staircase to the Lair.
 17318 | D:9      | Learned a level 5 spell: Irradiate
 17771 | D:10     | Entered Level 10 of the Dungeon
 18077 | D:10     | Found a white marble altar of Elyvilon.
 18119 | D:10     | Noticed a two-headed ogre
 18160 | D:10     | Killed a two-headed ogre
 18317 | D:10     | Reached skill level 1 in Transmutations
 18658 | D:10     | Reached ** piety under Sif Muna
 18770 | D:10     | Found a shimmering altar of Xom.
 18829 | D:11     | Noticed Erica
 18838 | D:11     | Killed Erica
 18839 | D:11     | Reached skill level 5 in Invocations
 19073 | D:11     | Noticed Psyche
 19083 | D:11     | Killed Psyche
 20147 | D:12     | Noticed a two-headed ogre
 20163 | D:12     | Killed a two-headed ogre
 20283 | D:12     | Noticed a two-headed ogre
 20292 | D:12     | Killed a two-headed ogre
 20293 | D:12     | Reached XP level 12. HP: 100/100 MP: 7/21
 20769 | D:12     | Noticed a seven-headed hydra
 20785 | D:12     | Killed a seven-headed hydra
 20787 | D:12     | Noticed a boulder beetle
 21156 | Lair:1   | Entered Level 1 of the Lair of Beasts
 21667 | Lair:1   | Noticed a six-headed hydra
 21723 | Lair:1   | Killed a six-headed hydra
 22970 | Lair:2   | Reached *** piety under Sif Muna
 23095 | Lair:2   | Learned a level 3 spell: Ozocubu's Armour
 23111 | Lair:2   | Identified the +4 hunting sling of Ubiquitous Subterfuge
                  | {vorpal, rPois Str+4 Dex+3}
 23325 | Lair:3   | Reached skill level 1 in Ice Magic
 23580 | Lair:3   | Reached skill level 2 in Ice Magic
 24003 | Lair:3   | Noticed a five-headed hydra
 24107 | Lair:3   | Killed a five-headed hydra
 24314 | Lair:3   | Found a staircase to the Swamp.
 24681 | Lair:3   | Reached skill level 3 in Ice Magic
 24681 | Lair:3   | Reached XP level 13. HP: 88/107 MP: 22/24
 25024 | Lair:3   | Reached **** piety under Sif Muna
 25732 | Lair:3   | Reached skill level 4 in Ice Magic
 26068 | Lair:4   | Reached skill level 1 in Polearms
 26689 | Lair:4   | Reached skill level 5 in Ice Magic
 26887 | Lair:4   | Found a staircase to the Snake Pit.
 26923 | Lair:4   | Reached skill level 5 in Transmutations
 27053 | Lair:4   | Found a shimmering altar of Xom.
 27704 | Lair:4   | Reached skill level 6 in Ice Magic
 28379 | Lair:4   | Upgraded the game from 0.28.0-49-g6dfe1f597d to
                  | 0.28.0-53-g5a82cb258f
 28408 | Lair:5   | Noticed Sonja
 28515 | Lair:5   | Killed Sonja
 28767 | Lair:5   | Found a hide-covered altar of Uskayaw.
 28770 | Lair:5   | Found an ornate altar of the Wu Jian Council.
 29059 | Lair:5   | Reached skill level 7 in Ice Magic
 29167 | Lair:5   | Reached XP level 14. HP: 74/118 MP: 8/26
 29774 | Lair:5   | Reached skill level 8 in Ice Magic
 30881 | Lair:6   | Entered Level 6 of the Lair of Beasts
 31786 | Lair:6   | Identified the ring of Onnakick {Ice Stlth+}
 31851 | Lair:5   | Reached skill level 9 in Ice Magic
 32151 | Lair:6   | Reached ***** piety under Sif Muna
 32326 | Lair:6   | Reached skill level 10 in Fighting
 32327 | Lair:6   | Received a gift from Sif Muna
 32328 | Lair:6   | Got Fioc's Catalogue of Cold {god gift}
 32334 | Lair:6   | Learned a level 4 spell: Hailstorm
 32684 | Lair:6   | Reached skill level 10 in Invocations
 33059 | Lair:6   | Reached skill level 5 in Polearms
 33267 | Lair:6   | Found a large runed translucent door.
 33269 | Lair:6   | Found a large runed translucent door.
 33523 | Lair:6   | Found a runed translucent door.
 33527 | Lair:6   | Found a viscous altar of Jiyva.
 33528 | Lair:6   | Found a staircase to the Slime Pits.
 34376 | D:12     | Reached skill level 10 in Ice Magic
 35043 | D:7      | Bought a runed hat for 231 gold pieces
 35195 | D:3      | Bought a book of Beasts for 532 gold pieces
 35200 | D:3      | Learned a level 4 spell: Summon Ice Beast
 35630 | D:13     | Found a frozen archway.
 35646 | IceCv    | Entered an ice cave
 35831 | IceCv    | Identified 2 scrolls of acquirement
 35832 | IceCv    | Acquired the +1 pair of gloves "Niohif" {rPois Will+ rCorr
                  | Dex-3}
 35844 | IceCv    | Acquired the +0 hat of Amelioration {rN+ Dex+3}
 35895 | IceCv    | Got the Grimoire of Earthen Evil Arts
 35982 | IceCv    | Reached skill level 1 in Evocations
 36220 | IceCv    | Reached skill level 1 in Staves
 36922 | IceCv    | Got the Guide on Supportive Poisoning
 37048 | IceCv    | Reached skill level 1 in Summonings
 37048 | IceCv    | Reached XP level 15. HP: 127/127 MP: 19/28
 37295 | D:13     | Found Kohet's Assorted Antiques.
 38014 | D:13     | Found the +8 autumn katana {vorpal, manifold assault}
 38168 | D:13     | Received a gift from Sif Muna
 38630 | D:13     | Found a gate to the Vaults.
 38952 | D:14     | Noticed Josephine
 38958 | D:14     | Killed Josephine
 38959 | D:14     | Reached skill level 1 in Long Blades
 39510 | D:14     | Found Xoicit's Book Emporium.
 39655 | D:14     | Reached skill level 5 in Long Blades
 40405 | D:15     | Entered Level 15 of the Dungeon
 41180 | D:15     | Found a staircase to the Depths.
 41246 | D:15     | Found a radiant altar of Vehumet.
 41482 | Depths:1 | Entered Level 1 of the Depths
 41649 | Orc:1    | Entered Level 1 of the Orcish Mines
 41653 | Orc:1    | Noticed Erolcha
 41658 | Orc:1    | Killed Erolcha
 41867 | Orc:2    | Entered Level 2 of the Orcish Mines
 41872 | Orc:2    | Found Ashrys's Antique Weapon Shop.
 41880 | Orc:2    | Received a gift from Sif Muna
 41881 | Orc:2    | Got Sif Muna's Compendium of Evil Shape Shifting {god gift}
 42198 | Orc:2    | Found Odwonwe's Antique Armour Boutique.
 42202 | Orc:2    | Found Enuhiach's Antique Weapon Emporium.
 42207 | Orc:2    | Found Qury's Weapon Shop.
 42250 | Orc:2    | Found a flickering gateway to a bazaar.
 42322 | Bazaar   | Entered a bazaar
 42438 | Bazaar   | Found Wetamuwon's Magic Scroll Emporium.
 42460 | Bazaar   | Found Onkotzemuc's Antique Armour Shoppe.
 42492 | Bazaar   | Found Oredih's Assorted Antiques.
 42503 | Bazaar   | Found Eragyx's Armour Shoppe.
 42514 | Bazaar   | Found Cemo Ycku's Distillery.
 42549 | Bazaar   | Bought a scroll of noise for 15 gold pieces
 42552 | Bazaar   | Bought a scroll of teleportation for 45 gold pieces
 42552 | Bazaar   | Bought a scroll of magic mapping for 52 gold pieces
 42552 | Bazaar   | Bought a scroll of teleportation for 45 gold pieces
 42580 | Bazaar   | Bought a potion of brilliance for 44 gold pieces
 42580 | Bazaar   | Bought a potion of berserk rage for 55 gold pieces
 42580 | Bazaar   | Bought a potion of mutation for 88 gold pieces
 42580 | Bazaar   | Bought a potion of resistance for 110 gold pieces
 42580 | Bazaar   | Bought a potion of cancellation for 88 gold pieces
 42580 | Bazaar   | Bought a potion of brilliance for 44 gold pieces
 42580 | Bazaar   | Bought a potion of brilliance for 44 gold pieces
 42580 | Bazaar   | Bought a potion of brilliance for 44 gold pieces
 42580 | Bazaar   | Bought a potion of ambrosia for 88 gold pieces
 42598 | Bazaar   | Bought a scroll of magic mapping for 87 gold pieces
 42639 | Bazaar   | Bought a scroll of identify for 30 gold pieces
 42702 | Orc:2    | Found a staircase to the Elven Halls.
 42969 | Orc:2    | Found Kuefoneo's Assorted Antiques.
 42982 | Orc:2    | Found Jarerera's Magic Scroll Emporium.
 43248 | Orc:1    | Reached skill level 10 in Long Blades
 43318 | Orc:1    | Noticed Urug
 43328 | Orc:1    | Killed Urug
 43522 | Orc:1    | Found a radiant altar of Vehumet.
 43542 | Orc:1    | Noticed Maurice
 43552 | Orc:1    | Killed Maurice
 43897 | Snake:1  | Entered Level 1 of the Snake Pit
 43926 | Snake:1  | Reached XP level 16. HP: 119/135 MP: 28/29
 44597 | Snake:1  | Found Dixibboj's Magic Scroll Boutique.
 44599 | Snake:1  | Found Nabah's Book Boutique.
 44599 | Snake:1  | Found Firch's Weapon Shop.
 44602 | Snake:1  | Found Plog's Antique Armour Shop.
 44864 | Snake:1  | Found Lidaw's Firing Range.
 47244 | Snake:2  | Reached skill level 11 in Ice Magic
 47492 | Snake:2  | Found Hiusieck's Book Shop.
 47493 | Snake:2  | Found Cexky's Jewellery Shoppe.
 47493 | Snake:2  | Found Reochad's Jewellery Shoppe.
 47707 | Snake:2  | Found a broken altar of Ashenzari.
 48319 | Snake:3  | Received a gift from Sif Muna
 48390 | Snake:3  | Got Nonecyum's Grimoire of Confrontation {god gift}
 51249 | Snake:3  | Reached skill level 12 in Ice Magic
 51505 | Snake:3  | Reached XP level 17. HP: 136/144 MP: 14/30
 52204 | Snake:4  | Entered Level 4 of the Snake Pit
 52829 | Snake:4  | Found Rann's Distillery.
 52830 | Snake:4  | Found Wocuts's Antique Weapon Shop.
 52848 | Snake:4  | Bought a potion of berserk rage for 90 gold pieces
 52848 | Snake:4  | Bought a potion of might for 72 gold pieces
 53857 | Snake:4  | Reached skill level 10 in Spellcasting
 54202 | Snake:4  | Learned a level 2 spell: Blink
 54210 | Snake:4  | Learned a level 7 spell: Orb of Destruction
 55392 | Snake:4  | Received a gift from Sif Muna
 56284 | Snake:4  | Reached skill level 13 in Ice Magic
 56632 | Snake:4  | Got a serpentine rune of Zot
 57470 | D:5      | Killed Tali's ghost
 57638 | D:9      | Killed Exodus22XD's ghost
 57814 | D:9      | Identified the +0 helmet "Xam Cos" {rF+ rN+ MP+9 Str+4}
 58202 | Swamp:1  | Entered Level 1 of the Swamp
 58339 | Swamp:1  | Noticed Louise
 58360 | Swamp:1  | Killed Louise
 58444 | Swamp:1  | Reached skill level 10 in Shields
 58730 | Swamp:1  | Noticed Aizul
 58742 | Swamp:1  | Killed Aizul
 59205 | Swamp:1  | Found a runed translucent gate.
 59206 | Swamp:1  | Found a runed translucent gate.
 59207 | Swamp:1  | Found a runed translucent gate.
 59208 | Swamp:1  | Noticed lawnmower's ghost (adept DrBe)
 59491 | Swamp:1  | Noticed Jorgrun
 59515 | Swamp:1  | Killed Jorgrun
 60624 | Swamp:2  | Reached XP level 18. HP: 132/154 MP: 20/32
 60835 | Swamp:1  | Reached skill level 14 in Ice Magic
 60990 | Swamp:2  | Received a gift from Sif Muna
 61007 | Swamp:2  | Got Reffaergh's Grimoire of the Entrancing Glacier {god
                  | gift}
 61015 | Swamp:2  | Learned a level 5 spell: Freezing Cloud
 61032 | Swamp:2  | Noticed Donald
 61039 | Swamp:2  | Killed Donald
 61751 | Swamp:3  | Noticed Bai Suzhen
 61760 | Swamp:3  | Reached skill level 1 in Air Magic
 62043 | Swamp:3  | Killed Bai Suzhen
 62370 | Swamp:3  | Noticed a tentacled monstrosity
 62379 | Swamp:3  | Killed a tentacled monstrosity
 62900 | Swamp:4  | Entered Level 4 of the Swamp
 62900 | Swamp:4  | Noticed Mara
 62903 | Swamp:4  | Noticed CryoSword's illusion
 62907 | Swamp:4  | Killed Mara
 64712 | Swamp:4  | Reached skill level 15 in Ice Magic
 66428 | Swamp:4  | Found the +10 tower shield of Ignorance {rN+ Int-4}
 66440 | Swamp:4  | Got a decaying rune of Zot
 66460 | Swamp:4  | Learned a level 7 spell: Ozocubu's Refrigeration
 66791 | Vaults:1 | Entered Level 1 of the Vaults
 67112 | Vaults:1 | Received a gift from Sif Muna
 67723 | Vaults:1 | Reached skill level 10 in Dodging
 67772 | Vaults:1 | Reached XP level 19. HP: 146/163 MP: 32/33
 69912 | Vaults:2 | Found a staircase to the Crypt.
 69916 | Vaults:2 | Received a gift from Sif Muna
 69921 | Vaults:2 | Got Sif Muna's Catalogue of Conjuration and Earth {god
                  | gift}
 70350 | Vaults:2 | Reached skill level 16 in Ice Magic
 71131 | Vaults:2 | Reached skill level 15 in Conjurations
 71441 | Vaults:2 | Found Peag's Assorted Antiques.
 72048 | Vaults:3 | Reached skill level 5 in Air Magic
 72590 | Vaults:3 | Noticed Asterion
 72600 | Vaults:3 | Killed Asterion
 72853 | Vaults:3 | Found Loepy's Jewellery Boutique.
 73227 | Vaults:3 | Received a gift from Sif Muna
 73228 | Vaults:3 | Got Sif Muna's Papyrus of Cold and the Arsonist {god gift}
 73451 | Vaults:3 | Noticed Mennas
 73727 | Vaults:3 | Killed from afar by an ironbound thunderhulk

Illustrated notes

Levels and vault maps discovered:
D:1:      onia_arrival_pyramid, layout_basic
D:2:      layout_loops_ring, basic_altar, minmay_shallow_snake_nest
D:3:      layout_loops_ring, nicolae_overflow_crystal_walls, serial_shops,
          nicolae_shop_window_shopping,
          hellmonk_ecumenical_altar_pennies_from_heaven
D:4:      layout_gridville, mainiacjoe_overflow_tiny_flanked,
          grunt_temple_overflow_diamond, serial_forest,
          infiniplex_forest_lined_room_3, infiniplex_forest_end_2,
          infiniplex_forest_clump_double, infiniplex_forest_side_room,
          serial_shops, nicolae_lakefront_shop, cheibrodos_sewer_entry_drain
D:5:      layout_loops_ring, grunt_dithmenos_shadows,
          hellmonk_ghost_happy_afterlife, uniq_ijyb
D:6:      layout_loops_corners, nzn_hepliaklqana_mist_gate, trog_wizard,
          minmay_temple_entry_from_below_a, minmay_lizard_king
D:7:      layout_cave_pods, zin_angel, serial_shops, nicolae_stop_n_shop_1,
          nicolae_shop_crystal, nicolae_water_bricks, uniq_duvessa
D:8:      minmay_the_grid_square_5x5_3x3
          [minmay_the_grid_square_5x5_almost_minimal,
          minmay_the_grid_square_5x5_forky,
          minmay_the_grid_square_5x5_beaten_path,
          minmay_the_grid_square_5x5_intrusive_squares,
          minmay_the_grid_square_5x5_megaprize_crossed,
          minmay_the_grid_square_5x5_gyroscope,
          minmay_the_grid_square_5x5_eight_small,
          minmay_the_grid_square_5x5_dogpile,
          minmay_the_grid_square_5x5_two_walls_a], layout_basic, uniq_gastronok
D:9:      layout_long_grid, nicolae_ru_awakened_eye, david_lair_shrubbed,
          biasface_ghost_orc_armoury, minmay_misc_feat_ornament
D:10:     layout_irregular_city, nicolae_elyvilon_temple_path,
          mainiacjoe_overflow_alcove_4, nicolae_figureground_pulse
D:11:     layout_loops_ring, uniq_psyche, uniq_erica
D:12:     layout_cave_pools, hangedman_decor_clover_reticule,
          kennysheep_generic_room_7
D:13:     layout_loops_corners, skrybe_vaults_entry_preservation, serial_shops,
          nicolae_take_the_stairs, portal_ice_cave_entry_imps,
          chequers_serial_rivers_large_a, hangedman_glass_teeth
D:14:     layout_cave_pools, serial_shops, shop, serial_bayou_pond_c,
          uniq_josephine
D:15:     grunt_enter_depths_hoard, layout_gridville,
          chequers_serial_rivers_small_b, nicolae_vehumet_altar_sigil
Temple:   eino_wide_crystal_templ
Lair:1:   layout_cave_pods, nicolae_lair_run_with_the_wolves
Lair:2:   layout_roguey
Lair:3:   layout_cave_pods, minmay_swamp_entry_worms, grunt_megastairs_3
Lair:4:   beast_lair_carwin_large_2, layout_cave_pods,
          minmay_snake_entry_guardpost_medium, minivault_11, lemuel_oklob_altar,
          grunt_megastairs_4
Lair:5:   layout_hall_layers, minmay_lair_oklob_bushes,
          chequers_serial_rivers_room_a, st_stairs_9,
          nzn_masters_of_martial_movement, uniq_sonja
Lair:6:   cheibrodos_lair_end_hotspot, layout_cave_pods, slime_altar_2,
          st_stairs_6
Swamp:1:  layout_basic_swamp, gammafunk_ghost_hydra_chop,
          evilmike_swamp_ruin_house_4, infiniplex_staircase_pool_2,
          uniq_jorgrun, uniq_louise, uniq_aizul
Swamp:2:  layout_basic_swamp, evilmike_swamp_ruin_house_1, swamp_pool4,
          hangedman_swamp_pad, nzn_swamp_stair_ambush, uniq_donald
Swamp:3:  layout_basic_swamp, nicolae_swamp_some_circles, uniq_bai_suzhen
Swamp:4:  swamp_basic_johnstein, layout_basic_swamp, infiniplex_staircase_pool,
          uniq_mara
Snake:1:  layout_layer_cave, nicolae_shop_firing_range, lemuel_fruit_tree,
          minmay_shoptagon
Snake:2:  layout_rooms, basic_altar, serial_corexii_hall,
          corexii_hall_statues_x, corexii_hall_statues_x, minmay_shop_grove
Snake:3:  layout_onion, grunt_megastairs_5, serial_bayou_shore_b,
          serial_bayou_shore_b
Snake:4:  grunt_snake_rune_spirals, layout_onion, serial_shops,
          nicolae_shop_advertising_works [nicolae_subvault_shop_adworks],
          nicolae_shop_waterfront
Orc:1:    layout_diamond_mine, basic_altar, uniq_maurice, uniq_urug,
          uniq_erolcha
Orc:2:    st_orc_open, layout_diamond_mine, serial_shops, bzr_entry_lakeside,
          nicolae_square_shop, nicolae_shop_overgrown_old_shop
Vaults:1: vaults_room_large_hall, vaults_room_hallway,
          ontoclasm_vaults_ligature, hangedman_vaults_capsules,
          hangedman_vaults_maws, nicolae_vaults_mini_display_case, v_misc_11,
          vaults_room_grid, layout_vaults_omnigrid, serial_shops
Vaults:2: ontoclasm_vaults_ring_large, v_misc_4, ontoclasm_vaults_tryst,
          v_alt_pattern_1, v_misc_12, hangedman_vaults_slice, v_misc_12,
          vaults_dpeg_encased_lava, v_misc_23, vaults_room_fours,
          vaults_mumra_hexcomb, v_misc_13, layout_vaults_chaotic_city,
          serial_shops, nicolae_shop_waterfront
Vaults:3: vaults_room_grid, v_misc_10, v_misc_24, ontoclasm_vaults_idyll,
          v_alt_pattern_5, v_alt_pattern_2, grunt_vaults_bifocal, v_misc_14,
          ontoclasm_vaults_gateway, v_rooms_2, ontoclasm_vaults_shout,
          nicolae_vaults_little_squares_3, vaults_room_pools,
          layout_vaults_omnicross, serial_shops, nicolae_shop_stone,
          uniq_mennas, uniq_asterion
Depths:1: layout_honeycomb, patterned_corridor, hell_entry,
          minmay_misc_feat_nine_boxes, minmay_tree_intersection,
          roderic_serpentine_path, dk_noncrumbling_2,
          chequers_serial_rivers_room_a, corexii_hall_statues_s,
          evilmike_butchery

Skill      XL: |  1  2  3  4  5  6  7  8  9 10 11 12 13 14 15 16 17 18 19 |
---------------+----------------------------------------------------------+-----
Conjurations   | 5 6 7 8 9 10 11 12 13 14 15 | 15.2
Dodging        | 2 3 4 5 6 7 8 9 10 | 10.0
Stealth        | 2 3 4 5 |  5.5
Fighting       | 1 2 3 4 5 6 7 8 9 10 11 12 13 | 13.6
Translocations | 1 2 4 5 6 |  6.0
Spellcasting   | 3 4 5 6 7 8 9 10 | 10.0
Maces & Flails | 1 2 |  2.5
Shields        | 2 5 6 7 8 10 12 13 | 13.2
Invocations    | 3 5 8 9 10 11 12 13 | 13.4
Transmutations | 2 4 5 6 |  6.0
Ice Magic      | 3 7 10 12 13 15 16 | 16.6
Polearms       | 3 5 |  5.1
Evocations     | 1 2 |  2.0
Staves         | 1 2 |  2.1
Summonings     | 1 |  1.9
Long Blades    | 10 12 | 12.0
Air Magic      | 3 5 |  5.0

Action                   |  1- 3 |  4- 6 |  7- 9 | 10-12 | 13-15 | 16-18 | 19-21 || total
-------------------------+-------+-------+-------+-------+-------+-------+-------++-------
Melee: Club              |     8 |       |       |       |       |       |       ||     8
       Tailslap          |     1 |     1 |     2 |    34 |   111 |   104 |    48 ||   301
       Whip              |       |    19 |    29 |   161 |       |       |       ||   209
       Punch             |       |     1 |       |       |       |       |       ||     1
       Trident           |       |       |       |    13 |   347 |       |       ||   360
       Staff             |       |       |       |       |    90 |     9 |       ||    99
       Katana            |       |       |       |       |   171 |   679 |   204 ||  1054
Throw: Dart              |       |     5 |       |     1 |       |       |       ||     6
       Throwing net      |       |       |       |       |       |     1 |       ||     1
 Cast: Magic Dart        |    51 |    26 |    27 |    22 |    22 |     2 |       ||   150
       Searing Ray       |     4 |    39 |    61 |    71 |     9 |     4 |       ||   188
       Static Discharge  |       |       |    14 |    11 |       |       |       ||    25
       Iskenderun's Myst |       |       |     2 |   148 |   163 |    41 |    11 ||   365
       Irradiate         |       |       |       |     6 |   140 |   225 |    35 ||   406
       Ozocubu's Armour  |       |       |       |     5 |    27 |     7 |       ||    39
       Hailstorm         |       |       |       |       |   110 |   283 |    19 ||   412
       Summon Ice Beast  |       |       |       |       |     1 |     2 |       ||     3
       Orb of Destructio |       |       |       |       |       |    20 |    20 ||    40
       Ozocubu's Refrige |       |       |       |       |       |     5 |    49 ||    54
       Freezing Cloud    |       |       |       |       |       |     5 |     5 ||    10
Invok: Channel Magic     |       |       |       |     1 |     1 |     3 |     1 ||     6
 Abil: Breathe Frost     |       |       |     2 |    51 |    18 |     9 |     1 ||    81
Evoke: Wand              |       |       |     3 |     5 |     9 |       |       ||    17
       Box of beasts     |       |       |       |       |       |     1 |     1 ||     2
       Condenser vane    |       |       |       |       |       |     1 |       ||     1
  Use: Scroll            |       |     5 |     2 |    16 |    14 |     3 |     1 ||    41
       Potion            |       |     2 |     2 |       |       |     1 |     2 ||     7
 Stab: Distracted        |       |       |     1 |       |     1 |     1 |       ||     3
       Sleeping          |       |       |       |     1 |    11 |     6 |     1 ||    19
       Petrified         |       |       |       |       |     4 |       |       ||     4
       Held in net/web   |       |       |       |       |       |     1 |       ||     1
Armor: Skin              |     4 |    10 |    46 |   155 |   362 |   423 |    56 ||  1056
Dodge: Dodged            |     8 |    41 |    76 |   183 |   525 |   462 |    85 ||  1380
Block: Buckler           |       |       |       |    72 |   226 |   111 |       ||   409
       Kite shield       |       |       |       |       |       |   315 |   129 ||   444
